 Dungeon Crawl Stone Soup version 0.22.1-2-g9c5b331383 (webtiles) character file.

1444 Jerry the Skirmisher (level 8, -6/67 HPs)
             Began as a Merfolk Fighter on Nov 26, 2018.
             Mangled by a mummy (11 damage)
             ... in an ossuary.
             The game lasted 00:15:08 (5533 turns).

Jerry the Skirmisher (Merfolk Fighter)              Turns: 5533, Time: 00:15:09

Health: -6/67      AC: 14    Str: 18    XL:     8   Next: 74%
Magic:  8/8        EV: 10    Int:  7    God:
Gold:   318        SH:  0    Dex: 21    Spells: 7/7 levels left

rFire    . . .     SeeInvis .   a - +0 long sword
rCold    . . .     Gourm    .   (no shield)
rNeg     . . .     Faith    .   y - +1 ring mail of Hairiness {-Cast Dex+7}
rPois    .         Spirit   .   i - +2 hat
rElec    .         Reflect  .   c - +2 cloak {MR+}
rCorr    .         Harm     .   v - +0 pair of gloves
MR       ++...     NoCast   +   z - +0 pair of boots
Stlth    ++........             (no amulet)
HPRegen  0.21/turn              x - ring of protection from magic
MPRegen  0.11/turn              u - ring of stealth

@: marked
A: change form in water, swift swim, stealthy swim
a: no special abilities


You were in an ossuary.
You were not hungry.

You visited 1 branch of the dungeon, and saw 6 of its levels.
You also visited: Sewer and Ossuary.

You collected 318 gold pieces.

Inventory:

Hand Weapons
 a - a +0 long sword (weapon)
Armour
 c - a +2 cloak of magic resistance (worn)
 i - a +2 hat (worn)
 v - a +0 pair of gloves (worn)
 y - the +1 ring mail of Hairiness (worn) {-Cast Dex+7}
   (You found it on level 4 of the Dungeon)

   It affects your dexterity (+7).
   It prevents spellcasting.
 z - a +0 pair of boots (worn)
Jewellery
 d - an uncursed ring of fire
 q - an uncursed ring of protection from fire
 u - a ring of stealth (right hand)
 x - a ring of protection from magic (left hand)
Wands
 b - a wand of digging (10)
Scrolls
 e - 2 scrolls of remove curse
 g - a scroll of identify
 m - 4 scrolls of teleportation
 n - 2 scrolls of amnesia
 t - a scroll of magic mapping
 w - a scroll of blinking {unknown}
 A - a scroll of noise {unknown}
Potions
 h - 2 potions of brilliance
 k - a potion of ambrosia
 o - a potion of resistance
 p - 3 potions of curing
 r - 2 potions of cancellation
 s - a potion of berserk rage {unknown}
 B - 5 potions of heal wounds {unknown}
 C - a potion of magic {unknown}
Comestibles
 f - 11 rations


   Skills:
 + Level 7.4 Fighting
 + Level 7.0 Long Blades
 + Level 5.1 Armour
   Level 3.0 Shields


You had 7 spell levels left.
You didn't know any spells.
Your spell library was empty.

Dungeon Overview and Level Annotations

Branches:
Dungeon (6/15)
 Temple: D:4-7

Altars:
Qazlal
Xom
The Shining One

Shops:
D:5 *

Annotations:
D:4 2 transporters


Message History

You catch the helpless mummy completely off-guard!
You hit the mummy.
The mummy is lightly damaged.
The mummy struggles against the net.
The mummy hits you!
* * * LOW HITPOINT WARNING * * *
You catch the helpless mummy completely off-guard!
You slash the mummy!
The mummy is heavily damaged.
The mummy struggles against the net.
You catch the helpless mummy completely off-guard!
You hit the mummy.
The mummy is severely damaged.
The mummy closely misses you.
You riposte.
You slash the mummy!
The mummy is heavily damaged.
You strike the helpless mummy from behind!
You slash the mummy!
You destroy the mummy!
Your Long Blades skill increases to level 7!
The mummy hits you!
You die...

#########
#+#+#+#+#.......###
.......^..^.......##
..........^........#
...........∩.∩.....#
......^.M(.........#
....^...^@^.......##
#+#+#+#+#.......###
#########


You could see a mummy.

Vanquished Creatures
  Eustachio (D:4)
  2 phantoms (D:5)
  4 ogres
  A bullfrog (D:3)
  A scorpion (D:4)
  A howler monkey (D:4)
  2 crimson imps (D:5)
  A centaur zombie (D:5)
  3 hounds (D:4)
  3 orc wizards (D:5)
  An iguana (D:4)
  3 worker ants
  A hound zombie (D:5)
  A hound skeleton (D:4)
  2 mummies (Ossuary)
  4 gnolls (D:2)
  3 river rats (Sewer)
  5 adders
  An ooze (D:3)
  5 worms
  4 leopard geckos
  4 orcs
  3 bats
  7 giant cockroaches
  11 goblins
  4 hobgoblins
  6 jackals (D:3)
  A quokka (D:5)
  4 ball pythons
  19 frilled lizards
  2 goblin zombies (D:6)
  7 kobolds
  11 rats
128 creatures vanquished.

Notes
Turn   | Place    | Note
-------+----------+-------------------------------------------
     0 | D:1      | Jerry the Merfolk Fighter began the quest for the Orb.
     0 | D:1      | Reached XP level 1. HP: 18/18 MP: 1/1
   201 | D:1      | Reached XP level 2. HP: 20/24 MP: 2/2
   938 | D:2      | Reached XP level 3. HP: 27/30 MP: 3/3
  1154 | D:2      | Found a shimmering altar of Xom.
  1169 | D:2      | Reached XP level 4. HP: 22/37 MP: 4/4
  2198 | D:3      | Reached XP level 5. HP: 43/43 MP: 5/5
  2522 | D:3      | Found a stormy altar of Qazlal.
  2869 | D:4      | Noticed an ogre
  2878 | D:4      | Killed an ogre
  2878 | D:4      | Reached skill level 5 in Fighting
  2878 | D:4      | Reached XP level 6. HP: 26/51 MP: 6/6
  3097 | D:4      | Found a transporter.
  3143 | D:4      | Got a jasper-encrusted ring mail
  3144 | D:4      | Identified the +1 ring mail of Hairiness {-Cast Dex+7} (You
                  | found it on level 4 of the Dungeon)
  3550 | D:4      | Reached XP level 7. HP: 53/56 MP: 7/7
  3607 | D:4      | Reached skill level 5 in Long Blades
  3705 | D:4      | Found a transporter.
  3895 | D:4      | Noticed Eustachio
  3940 | D:4      | Killed Eustachio
  4191 | D:5      | Entered Level 5 of the Dungeon
  4214 | D:5      | Reached XP level 8. HP: 58/65 MP: 8/8
  4401 | D:5      | Found Laitwux's General Store.
  4443 | D:5      | Found a glowing drain.
  4463 | Sewer    | Entered a sewer
  5020 | D:5      | Found a glowing golden altar of the Shining One.
  5188 | D:5      | Reached skill level 5 in Armour
  5477 | D:6      | Found a sand-covered staircase.
  5500 | Ossuary  | Entered an ossuary
  5515 | Ossuary  | HP: 1/67 [mummy (3)]
  5533 | Ossuary  | Mangled by a mummy

Skill      XL: |  1  2  3  4  5  6  7  8 |
---------------+-------------------------+-----
Long Blades    | 3 4 5 7 |  7.0
Fighting       | 4 5 6 7 |  7.4
Armour         | 3 4 5 |  5.1
Shields        | |  3.0

Action                   |  1- 3 |  4- 6 |  7- 9 || total
-------------------------+-------+-------+-------++-------
Melee: Long sword        |    97 |   154 |   204 ||   455
       Tailslap          |       |       |     3 ||     3
  Use: Potion            |     2 |     2 |     2 ||     6
       Scroll            |       |     3 |     8 ||    11
 Stab: Sleeping          |       |       |    10 ||    10
       Held in net/web   |       |       |     4 ||     4
       Distracted        |       |       |     1 ||     1
  Eat: Chunk             |     1 |     8 |     6 ||    15
Armor: Scale mail        |    64 |   112 |       ||   176
       Ring mail         |       |    12 |    74 ||    86
Dodge: Dodged            |    52 |    92 |    81 ||   225
       Rpst.: Long sword |    17 |    26 |    30 ||    73
